 Dungeon Crawl Stone Soup version 0.31.0 (webtiles) character file.

Game seed: 18111929974350861003

4 qw the Shooter (level 1, 0/12 HPs)
             Began as a Gargoyle Hunter on Jan 20, 2024.
             Slain by a kobold
             ... wielding a +0 whip
              (1 damage)
             ... on level 1 of the Dungeon.
             The game lasted 00:00:00 (179 turns).

qw the Shooter (Gargoyle Hunter)                     Turns: 179, Time: 00:00:01

Health: 0/12       AC:  5    Str: 14    XL:     1   Next: 60%
Magic:  1/1        EV:  8    Int:  9    God:
Gold:   23         SH:  0    Dex: 13    Spells: 0/0 levels left

rFire   . . .        a - +0 shortbow
rCold   . . .        (shield currently unavailable)
rNeg    + . .        c - +0 leather armour
rPois   inf          (no helmet)
rElec   +            (no cloak)
rCorr   .            (no gloves)
SInv    .            (no boots)
Will    .....        (no amulet)
Stlth   +            (no ring)
HPRegen 0.22/turn    (no ring)
MPRegen 0.07/turn

%: no passive effects
@: constricted
A: sickness immunity, AC +2, negative energy resistance 1, electricity
resistance, torment resistance 1, petrification resistance
a: no special abilities


You were on level 1 of the Dungeon.
You visited 1 branch of the dungeon, and saw 1 of its levels.

You collected 23 gold pieces.


Innate Abilities, Weirdness & Mutations

You are immune to sickness and miasma.
Your stone body is resilient. (AC +2)
You are immune to poison.
You resist negative energy. (rN+)
You are resistant to electric shocks. (rElec)
You are resistant to unholy torment.
You are immune to petrification.


   Skills:
 - Level 2.1 Fighting
 + Level 4.2 Ranged Weapons
 - Level 1.5 Dodging
 - Level 1.1 Stealth


You couldn't memorise any spells.
You didn't know any spells.
Your spell library was empty.

Inventory:

Hand Weapons
 a - a +0 shortbow (weapon)
Armour
 c - a +0 leather armour (worn)
 e - a +0 cloak
Scrolls
 b - a scroll of butterflies
 g - a scroll of fear {unknown}
Potions
 d - a potion of curing {unknown}
 f - a potion of attraction {unknown}

Dungeon Overview and Level Annotations

Branches:
Dungeon (1/15)

Altars:


Message History

You now have 23 gold pieces (gained 6).
A hobgoblin comes into view.
The hobgoblin shouts!
You hear an angry hiss.
You hear a shout!
The hobgoblin moves out of view.
You shoot an arrow.
The arrow hits the hobgoblin but does no damage.
A ball python comes into view.
A dart slug comes into view.
You shoot an arrow. The arrow closely misses the hobgoblin.
The hobgoblin misses you.
The hobgoblin hits you but does no damage.
You shoot an arrow. The arrow closely misses the hobgoblin.
The hobgoblin hits you but does no damage.
A kobold comes into view. It is wielding a +0 whip.
You shoot an arrow. The arrow closely misses the hobgoblin.
The arrow closely misses the ball python.
The hobgoblin hits you.
You shoot an arrow. The arrow barely misses the hobgoblin.
The arrow closely misses the ball python.
A bat comes into view.
The hobgoblin hits you.
You shoot an arrow. The arrow hits the hobgoblin.
The hobgoblin is almost dead.
The hobgoblin hits you but does no damage.
The ball python misses you. The ball python grabs you.
The ball python constricts you.
You shoot an arrow.
The arrow closely misses the ball python.
The arrow hits the dart slug.
The dart slug is lightly wounded.
The ball python bites you but does no damage.
The ball python constricts you. The hobgoblin hits you.
The bat hits you but does no damage. The ball python closely misses you.
The ball python constricts you. The kobold barely misses you.
The hobgoblin closely misses you.
You shoot an arrow. The arrow hits the ball python.
The ball python is moderately wounded.
The bat hits you but does no damage. x2; The ball python bites you.
The ball python constricts you. The hobgoblin hits you.
The kobold hits you with a +0 whip.
You die...

.......# #......# ..
#......#. .....
#........ .....
#........
.....###w?....# .....
.......Sg#...# .....
......b@K....#
.....####+###....##.#.#
............#....##.#
#.......>..+.......#
#..........#...###..#
#..........#..[# ..#
#..........#...# ...
#####..........# ..#
#..........# ..


You could see a dart slug, a hobgoblin, a bat, a ball python and a kobold.

Vanquished Creatures
  A goblin (D:1)
  A quokka (D:1)
  A kobold (D:1)
  A rat (D:1)
4 creatures vanquished.

Notes
Turn   | Place    | Note
-------+----------+-------------------------------------------
     0 | D:1      | qw the Gargoyle Hunter began the quest for the Orb.
     0 | D:1      | Reached XP level 1. HP: 12/12 MP: 1/1
     0 | D:1      | 0 ||| qw: Version: 0.3-a-132-g3d54051
     0 | D:1      | 0 ||| qw: Game counter: 569
     0 | D:1      | 0 ||| qw: Melee chars always use a shield: true
     0 | D:1      | 0 ||| qw: God list: Okawaru
     0 | D:1      | 0 ||| qw: Allow faded altars: false
     0 | D:1      | 0 ||| qw: Do Orc after clearing Dungeon:15 true
     0 | D:1      | 0 ||| qw: Do second Lair branch before Depths: true
     0 | D:1      | 0 ||| qw: Lair rune preference: random
     0 | D:1      | 0 ||| qw: Goals: Normal
     0 | D:1      | 0 ||| PLANNING D:1-11
   178 | D:1      | HP: 3/12 [hobgoblin (2)]
   179 | D:1      | HP: 1/12 [hobgoblin (1)]
   179 | D:1      | Slain by a kobold

Levels and vault maps discovered:
D:1:      heliophobic_arrival_ceremonial_halls, layout_basic, minmay_ruptured

Action                     || total
---------------------------++-------
   Fire: Shortbow          ||    23
 Armour: Leather armour    ||    19
  Dodge: Dodged            ||     8

Table legend:
 A = Non-vault XP
 B = Vault XP
 C = Vault XP percentage of total XP
 D = Non-vault monster count
 E = Vault monster count
 F = Vault count percentage of total count
                 A         B        C        D         E       F
            +---------+---------+-------+---------+---------+-------
      Total |       6 |       0 |   0.0 |       4 |       0 |   0.0
            +---------+---------+-------+---------+---------+-------
        D:1 |       6 |       0 |   0.0 |       4 |       0 |   0.0
            +---------+---------+-------+---------+---------+-------
